 Dungeon Sprint DCSS version 0.27-a0-1191-g601b473118 (webtiles) character file.

Game seed: 5770814866120065283

4200000 Zeld the Intangible (level 26, -4/217 HPs)
             Began as an Octopode Gladiator on May 25, 2021.
             Was the Champion of Makhleb.
             Slain by a destroyer
             ... wielding a +9 vorpal great sword
              (101 damage)
             ... in the Dungeon (Sprint VIII: "Arena of Blood").
             The game lasted 00:01:53 (42 turns).

Zeld the Intangible (Octopode Gladiator)              Turns: 42, Time: 00:01:55

Health: -4/217     AC:  1    Str: 22    XL:     26   Next: 77%
Magic:  23/43      EV: 29    Int: 11    God:    Makhleb [******]
Gold:   0          SH:  0    Dex: 16    Spells: 58/58 levels left

rFire    . . .     SeeInvis .   i - +∞ Axe of Woe
rCold    . . .     Faith    .   (shield currently unavailable)
rNeg     . . .     Spirit   .   a - +0 hat
rPois    .         Reflect  .   (no amulet)
rElec    .         Harm     .   (no ring)
rCorr    .         Rampage  .   (no ring)
Will     +....     NoTele   +   (no ring)
Stlth    ++++++++++             (no ring)
HPRegen  0.46/turn              (no ring)
MPRegen  0.28/turn              (no ring)
                                (no ring)
                                (no ring)

@: no status effects
A: almost no armour, amphibious, 8 rings, camouflage 1, gelatinous body 1,
(nimble swimmer 1), tentacles
a: Renounce Religion, Minor Destruction, Lesser Servant of Makhleb, Major
Destruction, Greater Servant of Makhleb


You were in the Dungeon.
You worshipped Makhleb.
Makhleb was exalted by your worship.
You visited 1 branch

Inventory:

Hand Weapons
 i - the +∞ Axe of Woe (weapon)
   (You found it in the Dungeon)
Missiles
 b - 3 throwing nets (quivered)
Armour
 a - a +0 hat (worn)
Scrolls
 h - a scroll of blinking
Potions
 c - a potion of curing
 d - a potion of heal wounds
 e - a potion of haste
 f - 2 potions of magic
 g - a potion of berserk rage


   Skills:
 O Level 27 Fighting
 + Level 18.0(20.7) Short Blades
 + Level 18.0(20.7) Long Blades
 O Level 27 Axes
 + Level 18.0(26.0) Maces & Flails
 + Level 18.0(26.0) Polearms
 + Level 18.0(22.8) Staves
 + Level 18.0(24.2) Slings
 + Level 18.0 Bows
 + Level 18.0 Crossbows
 O Level 27 Throwing
 O Level 27 Dodging
 + Level 23.8 Stealth
 + Level 18.0 Shields
 O Level 27 Unarmed Combat
 + Level 16.7 Spellcasting
 + Level 19.4 Conjurations
 + Level 18.3 Hexes
 + Level 18.0 Summonings
 + Level 18.0 Necromancy
 + Level 18.0 Translocations
 + Level 19.4 Transmutations
 + Level 19.4 Fire Magic
 + Level 19.4 Ice Magic
 + Level 19.4 Air Magic
 + Level 19.4 Earth Magic
 + Level 22.7 Poison Magic
 O Level 27 Invocations
 + Level 21.2 Evocations


You had 58 spell levels left.
You didn't know any spells.
Your spell library was empty.

Dungeon Overview and Level Annotations

Branches:
Dungeon (1/1)

Altars:
Makhleb


Innate Abilities, Weirdness & Mutations

You cannot wear most types of armour.
You are amphibious.
You can wear up to eight rings at the same time.
Your skin changes colour to match your surroundings (Stealth+).
Your rubbery body absorbs attacks. (AC +1, EV +1)
((You are camouflaged near water. (Stealth+)))
You have tentacles for arms and can constrict up to eight enemies at once.


Message History

You hear a shout! x2
The destroyer blinks!
You hear a shout! x2
The destroyer is engulfed in blazing flames.
You hear a shout!
The destroyer blinks!
You hear a shout! x3
Your base Short Blades skill increases to level 18!
Your base Long Blades skill increases to level 18!
Your base Maces & Flails skill increases to level 18!
Your base Polearms skill increases to level 18!
Your base Staves skill increases to level 18!
Your base Slings skill increases to level 18!
Your Bows skill increases to level 18!
Your Crossbows skill increases to level 18!
Your Stealth skill increases to level 23!
Your Shields skill increases to level 18!
Your Spellcasting skill increases to level 16!
Your Conjurations skill increases to level 19!
Your Hexes skill increases to level 18!
Your Summonings skill increases to level 18!
Your Necromancy skill increases to level 18!
Your Translocations skill increases to level 18!
Your Transmutations skill increases to level 19!
Your Fire Magic skill increases to level 19!
Your Ice Magic skill increases to level 19!
Your Air Magic skill increases to level 19!
Your Earth Magic skill increases to level 19!
Your Poison Magic skill increases to level 22!
Your Evocations skill increases to level 21!
Unknown command.
Press: ? - help, v - describe, . - travel A staircase leading out of the dungeon, spattered with blood.
An orc and a skeletal warrior come into view.
You hear a shout! x3
A bag of meat comes into view. It is wielding a +9 war axe.
You hear a shout! x4
The destroyer is engulfed in blazing flames.
The destroyer hits you with a +9 vorpal great sword!!!!
You die...

..... .. #... .#
. #... ..#
..###... ..###.
.z....###O.....
....§_§.....
#..§)§# #_§@☼☼#
#.§V☼§#
o...§O)V○§.....
.....Vo###......
.O###oo. ..###.
. #o.. ..# #o..
.# ..§.. .. ....


You could see 3 destroyers, a sculptor of flesh, 3 meat berserkers and 5 bags of
meat.

Vanquished Creatures
  3 vampire knights (D)
  13 ogres (D)
  4 two-headed ogres (D)
  23 orcs (D)
43 creatures vanquished.

Notes
Turn   | Place    | Note
-------+----------+-------------------------------------------
     0 | D        | Found the +∞ Axe of Woe
     0 | D        | Zeld the Octopode Gladiator began the quest for the Orb.
     0 | D        | Reached XP level 1. HP: 14/14 MP: 1/1
     0 | D        | Noticed a bag of meat
     4 | D        | Became a worshipper of Makhleb the Destroyer
     6 | D        | Killed a bag of meat
     6 | D        | Noticed a meat berserker
     7 | D        | Reached skill level 10 in Fighting
     7 | D        | Reached skill level 10 in Throwing
     7 | D        | Reached XP level 2. HP: 32/32 MP: 2/2
     7 | D        | Reached XP level 3. HP: 37/37 MP: 3/3
     7 | D        | Reached XP level 4. HP: 43/43 MP: 4/4
     7 | D        | Reached XP level 5. HP: 48/48 MP: 5/5
     7 | D        | Reached XP level 6. HP: 54/54 MP: 6/6
     7 | D        | Reached XP level 7. HP: 60/60 MP: 7/7
     7 | D        | Reached XP level 8. HP: 65/65 MP: 8/8
     7 | D        | Reached XP level 9. HP: 71/71 MP: 9/9
     7 | D        | Reached XP level 10. HP: 77/77 MP: 10/10
     7 | D        | Reached XP level 11. HP: 82/82 MP: 11/11
     7 | D        | Reached XP level 12. HP: 88/88 MP: 12/12
     7 | D        | Noticed a bag of meat
     7 | D        | Noticed a bag of meat
     8 | D        | Noticed a bag of meat
     9 | D        | Noticed a meat berserker
     9 | D        | Noticed a bag of meat
     9 | D        | Noticed a bag of meat
     9 | D        | Noticed a bag of meat
    10 | D        | Noticed a meat berserker
    11 | D        | Killed a meat berserker
    11 | D        | Reached * piety under Makhleb
    11 | D        | Noticed a bag of meat
    11 | D        | Noticed a bag of meat
    11 | D        | Noticed a bag of meat
    12 | D        | Reached skill level 5 in Axes
    12 | D        | Reached XP level 13. HP: 94/98 MP: 13/13
    12 | D        | Reached XP level 14. HP: 99/104 MP: 14/14
    12 | D        | Killed a bag of meat
    12 | D        | Noticed a bag of meat
    12 | D        | Noticed a bag of meat
    13 | D        | Killed a meat berserker
    13 | D        | Killed a bag of meat
    13 | D        | Reached ** piety under Makhleb
    13 | D        | Killed a meat berserker
    13 | D        | Killed a bag of meat
    13 | D        | Noticed a bag of meat
    14 | D        | Reached skill level 27 in Dodging
    14 | D        | Reached skill level 27 in Unarmed Combat
    14 | D        | Reached XP level 15. HP: 125/125 MP: 15/15
    14 | D        | Reached XP level 16. HP: 131/131 MP: 16/16
    14 | D        | Reached XP level 17. HP: 137/137 MP: 17/17
    14 | D        | Reached *** piety under Makhleb
    14 | D        | Noticed a meat berserker
    14 | D        | Noticed a meat berserker
    14 | D        | Noticed a meat berserker
    14 | D        | Noticed a meat berserker
    16 | D        | Killed a meat berserker
    16 | D        | Reached **** piety under Makhleb
    16 | D        | Noticed a meat berserker
    17 | D        | Reached XP level 18. HP: 155/155 MP: 18/18
    19 | D        | Reached skill level 27 in Axes
    19 | D        | Reached XP level 19. HP: 167/167 MP: 19/19
    19 | D        | Killed a meat berserker
    19 | D        | Reached ***** piety under Makhleb
    19 | D        | Noticed a large bag of meat
    20 | D        | Reached skill level 27 in Fighting
    20 | D        | Reached skill level 27 in Throwing
    20 | D        | Killed a meat berserker
    20 | D        | Noticed a destroyer
    21 | D        | Reached skill level 5 in Poison Magic
    21 | D        | Reached skill level 5 in Invocations
    21 | D        | Reached skill level 5 in Evocations
    21 | D        | Killed a meat berserker
    22 | D        | Reached skill level 10 in Stealth
    22 | D        | Reached XP level 20. HP: 177/177 MP: 19/30
    22 | D        | Killed a meat berserker
    23 | D        | Reached skill level 10 in Invocations
    23 | D        | Reached skill level 10 in Evocations
    23 | D        | Reached XP level 21. HP: 183/183 MP: 19/32
    24 | D        | Noticed a meat berserker
    26 | D        | Killed a destroyer
    26 | D        | Noticed a meat berserker
    27 | D        | Reached skill level 27 in Invocations
    27 | D        | Reached XP level 22. HP: 190/190 MP: 20/39
    27 | D        | Killed a large bag of meat
    28 | D        | Reached skill level 10 in Short Blades
    28 | D        | Reached skill level 10 in Long Blades
    28 | D        | Reached skill level 10 in Maces & Flails
    28 | D        | Reached skill level 10 in Polearms
    28 | D        | Reached skill level 10 in Staves
    28 | D        | Reached skill level 10 in Slings
    28 | D        | Reached skill level 10 in Bows
    28 | D        | Reached skill level 10 in Crossbows
    28 | D        | Reached skill level 10 in Shields
    28 | D        | Reached skill level 10 in Spellcasting
    28 | D        | Reached skill level 10 in Summonings
    28 | D        | Reached skill level 10 in Necromancy
    28 | D        | Reached skill level 10 in Translocations
    28 | D        | Reached ****** piety under Makhleb
    29 | D        | Reached skill level 15 in Poison Magic
    29 | D        | Reached XP level 23. HP: 182/197 MP: 20/40
    29 | D        | Noticed a destroyer
    30 | D        | Noticed a large bag of meat
    31 | D        | Noticed a large bag of meat
    32 | D        | Reached XP level 24. HP: 186/204 MP: 21/40
    32 | D        | Noticed a destroyer
    33 | D        | Reached skill level 15 in Conjurations
    33 | D        | Reached skill level 15 in Transmutations
    33 | D        | Reached skill level 15 in Fire Magic
    33 | D        | Reached skill level 15 in Ice Magic
    33 | D        | Reached skill level 15 in Air Magic
    33 | D        | Reached skill level 15 in Earth Magic
    33 | D        | Noticed a destroyer
    33 | D        | Noticed a large bag of meat
    35 | D        | Killed a large bag of meat
    35 | D        | Noticed a destroyer
    36 | D        | Reached skill level 15 in Short Blades
    36 | D        | Reached skill level 15 in Long Blades
    36 | D        | Reached skill level 15 in Maces & Flails
    36 | D        | Reached skill level 15 in Polearms
    36 | D        | Reached skill level 15 in Staves
    36 | D        | Reached skill level 15 in Slings
    36 | D        | Reached skill level 15 in Bows
    36 | D        | Reached skill level 15 in Crossbows
    36 | D        | Reached skill level 15 in Shields
    36 | D        | Reached skill level 15 in Hexes
    36 | D        | Reached skill level 15 in Summonings
    36 | D        | Reached skill level 15 in Necromancy
    36 | D        | Reached skill level 15 in Translocations
    37 | D        | Killed a destroyer
    38 | D        | Reached XP level 25. HP: 65/210 MP: 22/41
    38 | D        | Killed a destroyer
    39 | D        | Reached skill level 15 in Spellcasting
    39 | D        | Reached XP level 26. HP: 99/217 MP: 22/42
    39 | D        | Noticed a large bag of meat
    39 | D        | Noticed a destroyer
    41 | D        | Killed a large bag of meat
    41 | D        | Killed a large bag of meat
    42 | D        | Slain by a destroyer

Illustrated notes

Levels and vault maps discovered:
D:        meatsprint

Skill      XL: |  1  2  3  4  5  6  7  8  9 10 11 12 13 14 15 16 17 18 19 20 21 22 23 24 25 26 |
---------------+-------------------------------------------------------------------------------+-----
Fighting       | 10 12 19 23 26 27 | 27.0
Axes           | 4 5 16 25 27 | 27.0
Throwing       | 10 12 17 21 22 27 | 27.0
Dodging        | 17 21 27 | 27.0
Unarmed Combat | 17 21 27 | 27.0
Short Blades   | 7 8 11 13 15 16 18 | 18.0
Long Blades    | 7 8 11 13 15 16 18 | 18.0
Maces & Flails | 7 8 11 13 15 16 18 | 18.0
Polearms       | 7 8 11 13 15 16 18 | 18.0
Staves         | 7 8 11 13 15 16 18 | 18.0
Slings         | 7 8 11 13 15 16 18 | 18.0
Bows           | 7 8 11 13 15 16 18 | 18.0
Crossbows      | 7 8 11 13 15 16 18 | 18.0
Stealth        | 10 11 16 18 21 22 23 | 23.8
Shields        | 7 8 11 13 15 16 18 | 18.0
Spellcasting   | 6 7 11 12 14 15 16 | 16.7
Conjurations   | 7 8 12 14 17 18 19 | 19.4
Hexes          | 8 9 12 14 16 17 18 | 18.3
Summonings     | 7 8 11 13 15 16 18 | 18.0
Necromancy     | 7 8 11 13 15 16 18 | 18.0
Translocations | 7 8 11 13 15 16 18 | 18.0
Transmutations | 7 8 12 14 17 18 19 | 19.4
Fire Magic     | 7 8 12 14 17 18 19 | 19.4
Ice Magic      | 7 8 12 14 17 18 19 | 19.4
Air Magic      | 7 8 12 14 17 18 19 | 19.4
Earth Magic    | 7 8 12 14 17 18 19 | 19.4
Poison Magic   | 9 11 15 17 20 21 22 | 22.7
Invocations    | 9 10 27 | 27.0
Evocations     | 9 10 14 16 18 19 21 | 21.2

Action                   |  1- 3 |  4- 6 |  7- 9 | 10-12 | 13-15 | 16-18 | 19-21 | 22-24 | 25-27 || total
-------------------------+-------+-------+-------+-------+-------+-------+-------+-------+-------++-------
Melee: Executioner's axe |     1 |       |       |     1 |     2 |     4 |     6 |     7 |     3 ||    24
Invok: Major Destruction |       |       |       |       |       |       |     1 |       |       ||     1
       Greater Servant o |       |       |       |       |       |       |     1 |       |       ||     1
Dodge: Dodged            |       |       |       |       |     1 |       |       |       |       ||     1

Table legend: (Time is in decaauts)
 A = Elapsed time spent in this place.
 B = Non-inter-level travel time spent in this place.
 C = Inter-level travel time spent in this place.
 D = Time resting spent in this place.
 E = Time spent auto-exploring this place.
 F = Levels seen in this place.
 G = Mean time per level.
                   A        B        C        D        E       F      G
               +--------+--------+--------+--------+--------+-----+--------+
         Total |     39 |     39 |      0 |      0 |      0 |   1 |   39.0 |
       Dungeon |     39 |     39 |      0 |      0 |      0 |   1 |   39.0 |
               +--------+--------+--------+--------+--------+-----+--------+

Top non-repeatable levels by time:
       D: 39 daAuts
